 Dungeon Crawl Stone Soup version 0.28-a0-10-g964c8b829e (webtiles) character file.

Game seed: 6981207121882515307

46 HAL9000 the Sneak (level 3, -1/18 HPs)
             Began as a Vine Stalker Brigand on July 25, 2021.
             Shot with a stone by a goblin (2 damage)
             ... led by Robin
             ... on level 2 of the Dungeon.
             The game lasted 00:01:30 (966 turns).

HAL9000 the Sneak (Vine Stalker Brigand)             Turns: 966, Time: 00:01:30

Health: -1/18      AC:  3    Str: 14    XL:     3   Next: 68%
Magic:  0/4        EV: 11    Int: 11    God:
Gold:   66         SH:  0    Dex: 15    Spells: 2/2 levels left

rFire   . . .      SeeInvis .   a - +2 dagger
rCold   . . .      Faith    +   (no shield)
rNeg    . . .      Spirit   +   b - +0 robe
rPois   .          Reflect  .   (no helmet)
rElec   .          Harm     .   c - +0 cloak
rCorr   .          Rampage  .   (no gloves)
Will    .....                   (no boots)
Stlth   +++.......              g - amulet of faith
HPRegen 0.06/turn               (no ring)
MPRegen 0.09/turn               (no ring)

@: no status effects
A: fangs 2, magic shield, antimagic bite, no potion heal 2
a: no special abilities


You were on level 2 of the Dungeon.
You visited 1 branch of the dungeon, and saw 2 of its levels.

You collected 66 gold pieces.

Inventory:

Hand Weapons
 a - a +2 dagger (weapon)
Missiles
 d - 8 poisoned darts (quivered)
 e - 2 curare-tipped darts
Armour
 b - a +0 robe (worn)
 c - a +0 cloak (worn)
Jewellery
 g - an amulet of faith (around neck)
 i - a ring of flight
Scrolls
 f - a scroll of blinking {unknown}
Potions
 h - a potion of invisibility {unknown}


   Skills:
 - Level 1.7 Fighting
 - Level 1.7 Short Blades
 + Level 3.5 Throwing
 - Level 0.7 Dodging
 - Level 4.8 Stealth


You had 2 spell levels left.
You didn't know any spells.
Your spell library was empty.

Dungeon Overview and Level Annotations

Branches:
Dungeon (2/15)

Altars:


Innate Abilities, Weirdness & Mutations

You have extremely sharp teeth.
When hurt, damage is shared between your health and your magic reserves.
Your bite disrupts and absorbs the magic of your enemies.
Potions cannot restore your health.


Message History

You kill the hobgoblin!
Throw: 12 darts (poison)
Press: ? - help, Q - select action, (/) - cycle Shift-Dir - straight line, f - goblin
Aim: a goblin, wielding a +0 club (51% to hit)
You throw a poisoned dart.
The poisoned dart barely misses the goblin.
The poisoned dart barely misses the goblin.
The poisoned dart misses the frilled lizard.
The poisoned dart hits the goblin.
The goblin hits you with a +0 club.
You hit the goblin.
You kill the goblin!
The goblin shoots a stone.
The stone hits you.
* * * LOW HITPOINT WARNING * * *
The goblin shoots a stone.
The stone barely misses you.
Throw: 11 darts (poison)
Press: ? - help, Q - select action, (/) - cycle Shift-Dir - straight line, f - goblin
Aim: a goblin, wielding a +0 hunting sling and quivering stones (51% to hit)
You throw a poisoned dart.
The poisoned dart barely misses the goblin.
The poisoned dart misses the frilled lizard.
The poisoned dart barely misses the goblin.
The poisoned dart barely misses the goblin.
The poisoned dart hits the hobgoblin.
The goblin shoots a stone.
The stone closely misses you.
Throw: 10 darts (poison)
Press: ? - help, Q - select action, (/) - cycle Shift-Dir - straight line, f/p - goblin
Aim: a goblin, wielding a +0 hunting sling and quivering stones (51% to hit)
You throw a poisoned dart. The poisoned dart hits the goblin.
The goblin shoots a stone.
The stone barely misses you.
Unknown command.
Throw: 9 darts (poison)
Press: ? - help, Q - select action, (/) - cycle Shift-Dir - straight line, f/p - goblin
Aim: a goblin, wielding a +0 hunting sling and quivering stones (51% to hit)
You throw a poisoned dart. The poisoned dart hits the goblin.
The goblin is poisoned.
The goblin shoots a stone.
The stone hits you.
* * * LOW HITPOINT WARNING * * *
The goblin shoots a stone.
The stone hits you.
You die...

####.......###.###..#.##
.......#.#### #...##....#
#...###.####(# #..........
#.#.###. #.# #.........<
....##.. ### #..(.......
....##.# #......####
....##.# ###..†...# l...##.#
###........#
....##g########.@.#......#
......gg(gglg...###......≈≈.
....#.g########## #......#..
...†#.## ..####.#.P# .g..g.#
.### .# ## .g...## # ...#.#
...#.# ...#..


You could see 3 goblins and a frilled lizard.

Vanquished Creatures
  An adder (D:2)
  2 dart slugs
  2 bats (D:1)
  5 endoplasms
  A giant cockroach (D:2)
  2 goblins (D:2)
  6 hobgoblins
  A quokka (D:2)
  3 ball pythons
  2 frilled lizards
  4 kobolds
  A rat (D:1)
30 creatures vanquished.

Vanquished Creatures (others)
  A fungus (D:2)
  9 plants (D:2)
10 creatures vanquished.

Grand Total: 40 creatures vanquished

Notes
Turn   | Place    | Note
-------+----------+-------------------------------------------
     0 | D:1      | HAL9000 the Vine Stalker Brigand began the quest for the
                  | Orb.
     0 | D:1      | Reached XP level 1. HP: 11/11 MP: 2/2
   225 | D:1      | Reached XP level 2. HP: 13/15 MP: 1/3
   803 | D:2      | Reached XP level 3. HP: 18/18 MP: 4/4
   966 | D:2      | Shot with a stone by a goblin

Illustrated notes

Levels and vault maps discovered:
D:1:      erik_arrival_blinker_ship, layout_basic
D:2:      layout_rooms, shapermc_ecumenical_altar_hornbeckon, uniq_robin,
          uniq_crazy_yiuf_cottage

Skill      XL: |  1  2 |
---------------+-------+-----
Throwing       | 2 3 |  3.5
Fighting       | |  1.7
Short Blades   | |  1.7
Dodging        | |  0.7
Stealth        | |  4.8

Action                   || total
-------------------------++-------
Melee: Dagger            ||    59
       Bite              ||    18
Throw: Dart              ||    14
 Stab: Sleeping          ||     8
Armor: Robe              ||    14
Dodge: Dodged            ||    24

Table legend: (Time is in decaauts)
 A = Elapsed time spent in this place.
 B = Non-inter-level travel time spent in this place.
 C = Inter-level travel time spent in this place.
 D = Time resting spent in this place.
 E = Time spent auto-exploring this place.
 F = Levels seen in this place.
 G = Mean time per level.
                   A        B        C        D        E       F      G
               +--------+--------+--------+--------+--------+-----+--------+
         Total |    958 |    938 |     20 |      0 |    767 |   2 |  479.0 |
       Dungeon |    958 |    938 |     20 |      0 |    767 |   2 |  479.0 |
               +--------+--------+--------+--------+--------+-----+--------+

Top non-repeatable levels by time:
     D:1: 773 daAuts
     D:2: 185 daAuts
